Map: Thunderbird LE

Players

SortOf

  • Race: Zerg Zerg
  • League: Platinum
  • Spawn Location: 5:00

uThermal - Winner!

  • Race: Terran Terran
  • Spawn Location: 11:00

VOD

Have the link to the VOD?

Description

Time

  • Played on: Sept. 7, 2019, 12:45 p.m.
  • Length: 10:41
Show
View Real Time Build Order
Export as new Build Order

SortOf Zerg 

Build Orders: Pool First, Muta Ling Bane 

Get SALT Encoding   

  12  0:00  Drone  
  13  0:13  Overlord  
  13  0:18  Drone  
  14  0:32  Drone x2  
  16  0:41  Spawning Pool  
  15  0:45  Drone  
  15  0:49  Drone  
  17  1:00  Drone  
  18  1:15  Hatchery  
  17  1:26  Extractor  
  17  1:29  Zergling x4  
  18  1:33  Queen  
  18  1:36  Drone  
  21  1:43  Overlord  
  21  1:51  Drone  
  22  2:02  Drone  
  23  2:08  Queen  
  25  2:16  Drone  
  26  2:26  Queen, Drone  
  26  2:28  Drone  
  30  2:38  Metabolic Boost, Drone x2  
  32  2:51  Hatchery  
  31  2:53  Drone  
  31  2:57  Overlord  
  32  3:04  Drone  
  33  3:07  Drone  
  33  3:10  Queen  
  36  3:14  Pneumatized Carapace  
  36  3:17  Drone  
  36  3:19  Drone  
  38  3:24  Drone x2  
  38  3:25  Drone  
  41  3:31  Overlord  
  41  3:35  Drone x2  
  41  3:36  Zergling x2  
  44  3:43  Overlord  
  44  3:49  Queen  
  44  3:51  Zergling x4  
  44  3:52  Zergling x2  
  44  3:55  Drone  
  50  3:59  Drone  
  50  4:00  Drone  
  50  4:01  Overlord  
  52  4:05  Zergling x4  
  52  4:06  Zergling x2  
  55  4:11  Drone  
  55  4:12  Queen  
  55  4:14  Drone  
  58  4:21  Drone x4  
  62  4:28  Drone x3  
  65  4:35  Overlord  
  65  4:37  Drone  
  66  4:40  Spore Crawler  
  66  4:41  Drone  
  66  4:42  Overlord  
  66  4:46  Lair  
  66  4:52  Zergling x2  
  66  4:53  Queen  
  66  4:55  Drone x6  
  74  5:02  Drone x4  
  74  5:05  Baneling Nest, Drone  
  78  5:10  Spore Crawler, Drone x4  
  79  5:26  Drone x5  
  81  5:31  Drone x3  
  81  5:34  Drone  
  81  5:37  Zergling x2  
  81  5:38  Overlord  
  81  5:41  Evolution Chamber  
  81  5:42  Extractor x2, Drone x3, Evolution Chamber  
  81  5:43  Extractor  
  81  5:44  Overseer  
  79  5:50  Centrifical Hooks  
  79  5:52  Drone x2  
  79  5:54  Overlord, Extractor x2  
  79  5:56  Spore Crawler, Drone x2  
  80  6:06  Drone x3  
  80  6:07  Hatchery  
  80  6:10  Overlord x2  
  82  6:12  Drone x4  
  82  6:14  Overlord  
  82  6:15  Zergling x4  
  88  6:21  Zergling x2, Zerg Melee Weapons Level 1  
  88  6:24  Zergling x2  
  88  6:25  Overlord, Queen  
  90  6:32  Baneling x5  
  92  6:36  Zergling x6  
  92  6:39  Zergling x6  
  98  6:43  Overlord  
  98  6:44  Overlord  
  98  6:46  Zergling x8  
  102  6:47  Spire  
  102  6:48  Zerg Ground Armor Level 1  
  102  6:50  Extractor  
  102  6:53  Baneling x3  
  100  6:55  Zergling x8  
  104  7:02  Overseer  
  104  7:04  Zergling x2  
  104  7:05  Zergling x4  
  107  7:11  Zergling x18  
  107  7:13  Baneling  
  107  7:14  Baneling x6  
  116  7:17  Overlord  
  116  7:18  Drone  
  117  7:29  Zergling x8  
  121  7:31  Overlord  
  121  7:32  Drone  
  122  7:40  Zergling x20  
  122  7:43  Overlord  
  128  7:49  Drone x2  
  130  7:52  Overlord  
  126  7:58  Zergling x4  
  126  8:04  Mutalisk x3, Zerg Flyer Weapons Level 1  
  134  8:08  Mutalisk  
  134  8:09  Mutalisk x3  
  142  8:18  Mutalisk x4  
  146  8:23  Overlord  
  146  8:27  Overlord  
  146  8:30  Mutalisk x2  
  146  8:32  Zergling x12  
  156  8:41  Overlord  
  156  8:42  Zergling x12  
  162  8:52  Zergling x8  
  162  8:53  Overlord  
  166  8:56  Overlord  
  166  8:59  Mutalisk x4  
  174  9:03  Zergling x2  
  171  9:10  Zergling x16  
  177  9:18  Baneling  
  177  9:19  Baneling x3  
  134  9:32  Zergling x22  
  133  9:43  Mutalisk x5  
  133  9:45  Overseer  
  143  9:46  Zergling x8  
  143  9:48  Baneling x4  
  143  9:51  Zergling x8  
  151  9:58  Zergling x12  
  157  10:05  Zergling x10  
  162  10:07  Hatchery  
  162  10:08  Baneling x3  
  162  10:09  Baneling x4  
  162  10:11  Overlord  
  136  10:21  Zergling x10  
Show
View Real Time Build Order
Export as new Build Order

uThermal Terran - Winner!

Build Orders: Hellion Opening, Reaper Expand 

Get SALT Encoding   

  12  0:01  SCV  
  13  0:13  SCV  
  14  0:17  Supply Depot  
  14  0:25  SCV  
  15  0:38  SCV  
  15  0:40  Barracks  
  16  0:43  Refinery  
  16  0:50  SCV  
  17  1:02  SCV  
  18  1:15  SCV  
  19  1:27  Orbital Command, Reaper  
  20  1:40  Command Center  
  20  1:47  Supply Depot  
  20  1:53  SCV  
  21  1:59  Marine  
  22  2:05  SCV  
  23  2:08  Factory  
  23  2:17  SCV  
  23  2:21  Barracks Reactor  
  23  2:23  Refinery  
  23  2:29  SCV  
  24  2:41  SCV  
  25  2:53  SCV, Orbital Command  
  25  2:54  Starport  
  26  3:00  Hellion x2  
  26  3:05  SCV, Barracks Tech Lab  
  31  3:14  Supply Depot  
  31  3:18  SCV x2  
  33  3:21  Hellion  
  33  3:22  Hellion  
  37  3:30  Viking  
  37  3:32  SCV  
  37  3:33  SCV  
  40  3:43  Hellion  
  40  3:44  SCV, Hellion  
  40  3:45  SCV  
  46  3:51  Supply Depot  
  46  3:54  Marine, Stimpack  
  47  3:56  SCV  
  47  3:57  SCV  
  47  4:00  Medivac  
  51  4:08  SCV  
  52  4:17  SCV  
  53  4:20  SCV  
  53  4:21  Command Center  
  54  4:25  Marine  
  54  4:29  SCV  
  56  4:33  Factory Tech Lab  
  56  4:36  Starport Reactor  
  56  4:37  SCV  
  57  4:38  Barracks  
  57  4:39  Barracks  
  57  4:41  SCV  
  57  4:45  Marine  
  59  4:49  SCV  
  60  4:53  SCV  
  60  4:57  Engineering Bay  
  60  4:59  Supply Depot, Engineering Bay  
  61  5:01  SCV  
  61  5:02  Refinery  
  61  5:03  Refinery  
  62  5:15  Supply Depot  
  62  5:17  Supply Depot  
  62  5:20  Marine  
  62  5:21  SCV x2  
  65  5:25  Marine  
  66  5:30  Marine  
  66  5:33  SCV x2  
  64  5:38  Marine, Orbital Command  
  64  5:40  Terran Infantry Armor Level 1, Terran Infantry Weapons Level 1  
  60  5:44  Starport Reactor  
  60  5:45  Marine x2, SCV x2  
  60  5:47  Marine  
  60  5:48  Marine, Combat Shield  
  66  5:52  Siege Tank  
  69  5:57  SCV  
  69  5:58  Barracks  
  69  5:59  SCV  
  69  6:01  Barracks  
  71  6:05  SCV  
  71  6:06  Marine x2  
  71  6:07  Marine x2  
  71  6:09  SCV  
  71  6:11  Marine, SCV  
  78  6:17  SCV, Supply Depot  
  80  6:21  SCV  
  80  6:24  Marine, Medivac  
  80  6:25  Siege Tank, Medivac  
  89  6:27  Marine x3, SCV  
  93  6:34  Marine, SCV, Supply Depot  
  93  6:36  SCV, Armory  
  93  6:39  SCV  
  97  6:41  Marine  
  97  6:45  Marine x2  
  97  6:46  SCV  
  97  6:47  Barracks Reactor  
  101  6:48  Barracks Reactor  
  101  6:53  Marine, Barracks  
  102  6:54  Barracks, Medivac  
  102  6:55  Marine  
  102  6:57  Barracks  
  102  6:59  Marine  
  106  7:02  Supply Depot, Medivac  
  106  7:04  Marine x2  
  106  7:07  Siege Tank  
  113  7:11  Marine  
  113  7:12  Marine  
  115  7:17  Marine  
  115  7:18  Supply Depot x2  
  115  7:19  Supply Depot  
  115  7:21  Marine  
  117  7:23  Marine x2  
  117  7:29  Marine  
  120  7:30  Marine  
  120  7:31  Marine  
  120  7:32  Marine x2  
  120  7:34  Medivac  
  120  7:35  Marine  
  120  7:36  Supply Depot  
  125  7:37  Supply Depot  
  125  7:38  Terran Infantry Armor Level 2  
  125  7:39  Terran Infantry Weapons Level 2  
  125  7:44  Marine  
  125  7:45  Marine, Medivac  
  125  7:48  Marine  
  125  7:49  Supply Depot  
  125  7:50  Marine x2  
  132  7:56  Marine  
  132  7:57  Marine  
  133  7:59  Marine  
  133  8:03  Marine x2, Terran Vehicle Weapons Level 1  
  133  8:04  Medivac  
  137  8:06  Supply Depot  
  137  8:07  Marine x2  
  137  8:10  Marine  
  139  8:15  Marine x3  
  139  8:17  Medivac  
  139  8:18  Marine x4  
  145  8:23  Supply Depot  
  145  8:25  Siege Tank  
  148  8:27  Marine x2  
  148  8:28  Marine  
  148  8:30  Marine x2  
  148  8:31  Supply Depot  
  148  8:33  Marine x2  
  155  8:35  Marine x2  
  155  8:37  Marine  
  155  8:38  Marine  
  159  8:41  Marine  
  159  8:45  Marine  
  159  8:46  Marine  
  162  8:49  Supply Depot  
  162  8:51  Marine  
  162  8:53  Marine, Medivac  
  166  8:58  Marine  
  166  9:01  Siege Tank  
  170  9:03  Marine x2  
  170  9:06  Command Center  
  170  9:09  Missile Turret  
  157  9:11  Missile Turret  
  157  9:17  Marine  
  157  9:18  Marine  
  157  9:19  Marine, Medivac  
  134  9:33  Marine x2  
  134  9:35  Marine x2  
  134  9:36  Marine  
  134  9:37  Marine x2, Siege Tank  
  136  9:38  Marine  
  136  9:40  Marine x2  
  136  9:42  Marine x2  
  141  9:51  Marine x2  
  143  9:53  Marine x2, Medivac  
  143  9:54  Marine  
  143  9:55  Marine x2  
  143  9:56  Marine  
  143  9:57  Marine  
  143  9:58  Marine  
  149  10:00  Marine x2  
  151  10:09  Marine x2  
  151  10:10  Marine  
  151  10:11  Marine x2  
  151  10:13  Marine x2  
  161  10:14  Marine  
  161  10:15  Marine  
  161  10:19  Marine  
  161  10:20  Marine x2  
Tags
 
Add a new tag
Caveats
  • Supply blocks, unpowered buildings, or Contaminate may cause inaccurate times.
  • Supply counts are checked every 10 seconds.